 Dungeon Crawl Stone Soup version 0.26.1-11-gd32895ea62 (webtiles) character file.

Game seed: 1505005374311340900

1460 Exodus22XD the Cleaver (level 8, -1/70 HPs)
             Began as a Hill Orc Monk on Apr 27, 2021.
             Was a Priest of Beogh.
             Killed by nerve-wracking pain
             ... invoked by Menkaure
              (6 damage)
             ... on level 6 of the Dungeon.
             The game lasted 00:10:42 (7452 turns).

Exodus22XD the Cleaver (Hill Orc Monk)              Turns: 7452, Time: 00:10:43

Health: -1/70      AC: 10    Str: 16    XL:     8   Next: 76%
Magic:  11/11      EV: 10    Int: 10    God:    Beogh [***...]
Gold:   395        SH:  4    Dex: 13    Spells: 7/7 levels left

rFire    + . .     SeeInvis .   B - +0 war axe
rCold    + . .     Faith    .   y - +0 buckler
rNeg     . . .     Spirit   .   m - +3 scale mail
rPois    +         Reflect  .   (no helmet)
rElec    .         Harm     .   r - scarf {rC+ rF+}
rCorr    .         Rampage  .   (no gloves)
Will     +....                  (no boots)
Stlth    ..........             (no amulet)
HPRegen  0.21/turn              e - ring of willpower
MPRegen  0.12/turn              n - ring of poison resistance

@: lethally poisoned (-1 -> -3)
A: no striking features
a: Renounce Religion, Smiting


You were on level 6 of the Dungeon.
You worshipped Beogh.
Beogh was most pleased with you.
You visited 1 branch of the dungeon, and saw 6 of its levels.

You collected 395 gold pieces.

Inventory:

Hand Weapons
 c - a +0 vorpal spear
 t - a +1 trident of venom
 w - the cursed +2 spear "Havod" {venom, *Noise rElec rC+ Str+2, unknown}
   (You found it on level 4 of the Dungeon)

   It poisons the flesh of those it strikes.
   It affects your strength (+2).
   It protects you from cold.
   It insulates you from electricity.
   It may make noises in combat.
   It has a curse placed upon it.
 B - a +0 war axe (weapon)
Armour
 m - a +3 scale mail (worn)
 r - a scarf of resistance (worn)
 y - a +0 buckler (worn)
 C - a +0 plate armour
Jewellery
 b - an uncursed ring of willpower
 e - a ring of willpower (left hand)
 l - an uncursed ring of protection from cold
 n - a ring of poison resistance (right hand)
Scrolls
 d - 4 scrolls of remove curse
 f - 2 scrolls of teleportation
 g - a scroll of blinking {unknown}
 h - a scroll of immolation
 i - 2 scrolls of enchant weapon
 j - 6 scrolls of fear
 k - 2 scrolls of fog {unknown}
 p - 2 scrolls of magic mapping {unknown}
 A - a scroll of brand weapon {unknown}
Potions
 o - a potion of brilliance
 s - a potion of cancellation
 u - a potion of experience {unknown}
 v - a potion of might {unknown}
 x - a potion of curing {unknown}
 z - 2 potions of haste


   Skills:
 + Level 5.7 Fighting
 + Level 8.7(8.8) Axes
 - Level 0.1(4.4) Polearms
 * Level 7.1 Armour
 - Level 2.4 Dodging
 - Level 1.5 Stealth
 * Level 2.4 Shields
 * Level 4.3 Invocations


You had 7 spell levels left.
You didn't know any spells.
Your spell library was empty.

Dungeon Overview and Level Annotations

Branches:
Dungeon (6/15)             Temple (0/1) D:5

Altars:
Dithmenos
Fedhas
Kikubaaqudgha
Makhleb
Okawaru
Uskayaw
Vehumet
Yredelemnul
Zin

Shops:
D:5 (

Annotations:
D:6 Menkaure


Message History

You slash the adder!
You kill the adder!
Beogh accepts your kill.
You feel sick. The worker ant bites you.
* * * LOW HITPOINT WARNING * * *
Menkaure barely misses you.
It was a potion of haste.
You feel yourself speed up. The worker ant barely misses you.
The shadow imp closely misses you.
Menkaure points at you and mumbles some strange words.
Pain shoots through your body!
* * * LOW HITPOINT WARNING * * *
It was a potion of cancellation.
Your magical effects are unravelling.
You feel magically purged.
Your magical contamination has completely faded away.
You feel yourself slow down.
You flicker back into view.
You feel sick. The worker ant barely misses you.
Menkaure gestures at you while chanting.
Pain shoots through your body!
You die...

........#.#...........
......................
#.....................
#....................
##....................
#......##.#..####.###.
#.#......#.....####.....
#....o5oBl..##....#####.
#...)oM@....##.....<..#
.....####.###########..
... #.# . #.# #.# #.#
#.# #.#


You could see an orc warrior, Menkaure (fast), an iguana, a worker ant, 2 orc
wizards and a shadow imp.

Vanquished Creatures
  Eustachio (D:5)
  Duvessa (D:5)
  An orc warrior (D:5)
  An ice beast (D:5)
  A phantom (D:4)
  2 ogres
  Dowan (D:5)
  A scorpion (D:5)
  A howler monkey (D:6)
  A jelly (D:5)
  An orc priest (D:3)
  2 orc wizards (D:5)
  A bullfrog skeleton (D:4)
  A statue (D:5)
  2 worker ants
  A hound skeleton (D:2)
  16 adders
  12 gnolls
  2 oozes (D:2)
  An adder skeleton (D:5)
  3 worms
  5 dart slugs
  7 leopard geckos
  16 orcs
  8 giant cockroaches
  9 goblins
  9 hobgoblins
  2 jackals (D:2)
  2 quokkas
  A ball python (D:3)
  5 bats
  5 frilled lizards
  12 kobolds
  A quokka zombie (D:2)
  10 rats
145 creatures vanquished.

Vanquished Creatures (collateral kills)
  An orc (D:5)
  A giant cockroach (D:6)
2 creatures vanquished.

Vanquished Creatures (others)
  An orc wizard (D:3)
  3 orcs
  A goblin (D:3)
  4 plants (D:4)
  4 withered plants (D:4)
13 creatures vanquished.

Grand Total: 160 creatures vanquished

Notes
Turn   | Place    | Note
-------+----------+-------------------------------------------
     0 | D:1      | Exodus22XD the Hill Orc Monk began the quest for the Orb.
     0 | D:1      | Reached XP level 1. HP: 19/19 MP: 1/1
   235 | D:1      | Reached XP level 2. HP: 27/27 MP: 2/2
   483 | D:1      | Reached skill level 1 in Armour
   686 | D:1      | Reached XP level 3. HP: 31/33 MP: 3/3
  1252 | D:2      | Reached skill level 5 in Axes
  1386 | D:2      | Reached XP level 4. HP: 41/41 MP: 4/4
  1406 | D:2      | Found a basalt altar of Yredelemnul.
  1757 | D:2      | Noticed a +0 hand axe
  1757 | D:2      | Noticed a +0 dagger
  1883 | D:2      | Found a hide-covered altar of Uskayaw.
  2050 | D:2      | Found an iron altar of Okawaru.
  2054 | D:2      | Reached XP level 5. HP: 46/47 MP: 5/5
  2362 | D:3      | Found a glowing silver altar of Zin.
  2366 | D:3      | Reached skill level 6 in Axes
  3237 | D:3      | Became a worshipper of Beogh the Brigand
  3237 | D:3      | Reached * piety under Beogh
  3237 | D:3      | Reached ** piety under Beogh
  3393 | D:3      | Reached XP level 6. HP: 52/53 MP: 6/6
  3497 | D:3      | Reached skill level 1 in Invocations
  4082 | D:4      | Noticed a phantom
  4146 | D:4      | Killed a phantom
  4368 | D:4      | Found a burning altar of Makhleb.
  4368 | D:4      | Noticed an Executioner
  4382 | D:4      | Reached skill level 7 in Axes
  4447 | D:4      | Found a shadowy altar of Dithmenos.
  4612 | D:4      | Reached skill level 5 in Fighting
  4612 | D:4      | Reached XP level 7. HP: 17/61 MP: 8/8
  5041 | D:4      | Got a masterwork spear
  5508 | D:4      | Found an ancient bone altar of Kikubaaqudgha.
  5510 | D:4      | Found a blossoming altar of Fedhas.
  5554 | D:5      | Entered Level 5 of the Dungeon
  5578 | D:5      | Found a staircase to the Ecumenical Temple.
  5608 | D:5      | Reached skill level 5 in Armour
  5691 | D:5      | Reached skill level 1 in Shields
  5692 | D:5      | Reached *** piety under Beogh
  5865 | D:5      | Found Fifrenoq's Weapon Shoppe.
  5896 | D:5      | Found a radiant altar of Vehumet.
  5923 | D:5      | Reached skill level 8 in Axes
  5964 | D:5      | Reached XP level 8. HP: 57/69 MP: 10/10
  6141 | D:5      | Noticed Eustachio
  6169 | D:5      | Killed Eustachio
  6294 | D:5      | Noticed Dowan
  6296 | D:5      | Noticed Duvessa
  6309 | D:5      | Killed Duvessa
  6315 | D:5      | Killed Dowan
  7439 | D:6      | Noticed Menkaure
  7452 | D:6      | Killed from afar by Menkaure

Illustrated notes

Levels and vault maps discovered:
D:1:      dpeg_arrival_central, layout_loops_ring
D:2:      layout_basic, lemuel_crystal_altar, dancing_weapons_uskayaw,
          okawaru_altar_gauntlet_db, serial_glass, glass_columns_b,
          glass_columns_c, glass_columns_b, glass_columns_c, glass_columns_a,
          glass_columns_c, glass_columns_a, glass_columns_a,
          chequers_serial_rivers_micro_c
D:3:      layout_loops_corners, nicolae_overflow_crystal_walls
D:4:      corexii_shack_village, layout_cave_pools,
          grunt_temple_overflow_growth_and_decay, makhleb_altar_promises_db,
          nicolae_dithmenos_through_a_glass_darkly
D:5:      layout_cave_pods, vehumet_statue, minmay_temple_entry_mini_moons,
          serial_shops, nicolae_shop_statue_plus, kennysheep_generic_room_9,
          uniq_eustachio, uniq_duvessa
D:6:      layout_basic, lemuel_coloured_pillars_altar, serial_co_window_serial,
          co_window_paths_a, co_window_paths_a, co_window_corner_a,
          co_window_paths_a, co_window_paths_b, co_window_corner_b,
          co_window_broadway_c, co_window_of_opportunity_c,
          co_window_broadway_b, co_window_of_opportunity_c, co_window_corner_cb,
          co_window_of_opportunity_b, co_window_paths_e, co_window_4corner_a,
          serial_shops, shop, uniq_menkaure

Skill      XL: |  1  2  3  4  5  6  7  8 |
---------------+-------------------------+-----
Fighting       | 4 5 |  5.7
Armour         | 1 2 3 4 5 7 |  7.1
Axes           | 5 6 7 8 |  8.7
Invocations    | 2 3 4 |  4.3
Shields        | 1 2 |  2.4
Polearms       | |  0.1
Dodging        | |  2.4
Stealth        | |  1.5

Action                   |  1- 3 |  4- 6 |  7- 9 || total
-------------------------+-------+-------+-------++-------
Melee: Hand axe          |   101 |   297 |   196 ||   594
       Spear             |       |    21 |       ||    21
       Trident           |       |       |    37 ||    37
       War axe           |       |       |    35 ||    35
Invok: Convert to Beogh  |       |     1 |       ||     1
  Use: Scroll            |       |     7 |     2 ||     9
       Potion            |       |       |     3 ||     3
 Stab: Sleeping          |     4 |       |       ||     4
       Invisible         |       |       |     2 ||     2
Armor: Robe              |     5 |       |       ||     5
       Scale mail        |    17 |   133 |   110 ||   260
Dodge: Dodged            |    49 |   178 |   126 ||   353
Block: Buckler           |       |       |    29 ||    29
